 Dungeon Sprint DCSS version 0.19-a0-1714-gcab94ab (webtiles) character file.

2069 Theye the Carver (level 9, -2/72 HPs)
             Began as a Formicid Fighter on Sept 28, 2016.
             Was an Elder of Okawaru.
             Slain by a ten-headed hydra (14 damage)
             ... in the Dungeon (Sprint IX: "|||||||||||||||||||||||||||||").
             The game lasted 00:01:55 (782 turns).

Theye the Carver (Formicid Fighter)                  Turns: 782, Time: 00:01:56

Health: -2/72      AC: 13    Str: 29    XL:     9   Next: 50%
Magic:  4/5        EV: 17    Int:  7    God:    Okawaru [****..]
Gold:   0          SH: 15    Dex: 14    Spells: 0 memorised, 8 levels left

rFire  . . .     SeeInvis +     u - +0 executioner's axe (antimagic)
rCold  . . .     Gourm    .     r - +2 ring mail
rNeg   . . .     Faith    .     c - +0 shield
rPois  .         Spirit   .     (helmet unavailable)
rElec  .         Dismiss  .     (no cloak)
rCorr  .         Reflect  .     (no gloves)
MR     .....     Harm     .     (no boots)
Stlth  ++........               (no amulet)
                                s - +3 ring of dexterity
                                t - +2 ring of protection

@: mighty, heroism
A: permanent stasis, dig shafts and tunnels, four strong arms, antennae 3
a: Dig, Heroism, Renounce Religion


You were in the Dungeon.
You worshipped Okawaru.
Okawaru was greatly pleased with you.
You were not hungry.

You visited 1 branch

Inventory:

Hand Weapons
 u - a +0 antimagic executioner's axe (weapon)
Armour
 b - a +0 scale mail
 c - a +0 shield (worn)
 q - a +0 helmet
 r - a +2 ring mail (worn)
Jewellery
 s - a +3 ring of dexterity (right hand)
 t - a +2 ring of protection (left hand)
Wands
 o - a wand of iceblast (7/15)
Scrolls
 a - a scroll of fog
 k - 3 scrolls of blinking
 m - 5 scrolls of remove curse
 n - 2 scrolls of amnesia
 p - 2 scrolls of enchant armour
Potions
 e - a potion of cure mutation
 g - 3 potions of heal wounds
 h - 2 potions of haste
 i - 4 potions of magic
 j - a potion of berserk rage
 l - 5 potions of curing
Comestibles
 f - a bread ration


   Skills:
 + Level 7.5(12.5) Fighting
   Level 12.5(17.5) Long Blades
 * Level 4.0(9.0) Axes
 + Level 8.6(13.6) Armour
 + Level 3.9(8.9) Dodging
 + Level 11.0(16.0) Shields
 * Level 9.1 Invocations


You had 8 spell levels left.
You didn't know any spells.

Dungeon Overview and Level Annotations

Branches:
Dungeon (1/1)

Altars:
Cheibriados
Dithmenos
Elyvilon
Fedhas
Gozag
Hepliaklqana
Kikubaaqudgha
Makhleb
Nemelex Xobeh
Okawaru
Qazlal
Ru
Sif Muna
Trog
Uskayaw
Vehumet
Xom
Yredelemnul
Zin
The Shining One
Beogh
Jiyva
Lugonu


Innate Abilities, Weirdness & Mutations

You are under a permanent stasis effect.
You can dig through walls and to a lower floor.
Your four strong arms can wield two-handed weapons with a shield.
You have a pair of large antennae on your head. (SInv)


Message History

You hack one of the eight-headed hydra's heads off!
The seven-headed hydra grows two more!
You slice the nine-headed hydra!!
The nine-headed hydra is heavily wounded.
You block the nine-headed hydra's attack.
The nine-headed hydra closely misses you.
You block the nine-headed hydra's attack.
The nine-headed hydra closely misses you. x2
The nine-headed hydra bites you but does no damage.
The nine-headed hydra bites you.
* * * LOW HITPOINT WARNING * * *
You block the nine-headed hydra's attack.
The nine-headed hydra completely misses you.
Unknown command.
You chop one of the nine-headed hydra's heads off!
The eight-headed hydra grows two more!
You slash the ten-headed hydra!
The ten-headed hydra is moderately wounded.
The ten-headed hydra closely misses you.
You block the ten-headed hydra's attack.
The ten-headed hydra bites you!
You die...

▓_▓.▓F {
▓_▓.▓Y▓
▓_▓.▓.▓
{
▓_▓.▓k▓
{
▓_▓.▓F▓
{
▓_▓.▓F▓
{
▓_▓.▓l▓{
{
▓_▓.▓D▓
{
▓_▓.▓@▓
{
▓_▓.▓.▓
{
▓_▓.▓.▓
{
▓_▓.▓.▓
{
▓'▓.▓.▓
{
▓.▓.▓)▓
{
▓.▓.▓)▓
{
▓.▓.▓(▓
▓.▓.▓.▓


You could see a ten-headed hydra, a yak (wandering), a spiny frog, a rime drake,
a bullfrog and an iguana.

Vanquished Creatures
  A skeletal warrior (D)
  2 komodo dragons (D)
  A troll (D)
  A wraith (D)
  2 phantoms (D)
  A porcupine (D)
  An orc warrior (D)
  An ice beast (D)
  A bullfrog (D)
  A scorpion (D)
  A killer bee (D)
  A hound (D)
  A worker ant (D)
  A dart slug (D)
  A leopard gecko (D)
  An orc (D)
  A bat (D)
  A hobgoblin (D)
  3 frilled lizards (D)
  2 giant cockroach zombies (D)
25 creatures vanquished.

Notes
Turn   | Place    | Note
-------+----------+-------------------------------------------
     0 | D        | Theye the Formicid Fighter began the quest for the Orb.
     0 | D        | Reached XP level 1. HP: 18/18 MP: 1/1
    20 | D        | Reached XP level 2. HP: 24/24 MP: 2/2
    29 | D        | Noticed a scorpion
    44 | D        | Reached skill level 4 in Long Blades
    44 | D        | Reached skill level 5 in Shields
    44 | D        | Reached XP level 3. HP: 12/30 MP: 3/3
    58 | D        | Killed a scorpion
    58 | D        | Reached skill level 5 in Fighting
    58 | D        | Reached skill level 5 in Long Blades
    58 | D        | Reached skill level 5 in Armour
    58 | D        | Reached XP level 4. HP: 36/39 MP: 4/4
    62 | D        | Reached XP level 5. HP: 35/44 MP: 5/5
   165 | D        | Found a roughly hewn altar of Beogh.
   165 | D        | Found a snail-covered altar of Cheibriados.
   165 | D        | Found a shadowy altar of Dithmenos.
   165 | D        | Found a white marble altar of Elyvilon.
   165 | D        | Found a blossoming altar of Fedhas.
   165 | D        | Found an opulent altar of Gozag.
   166 | D        | Found a hazy altar of Hepliaklqana.
   167 | D        | Found a viscous altar of Jiyva.
   168 | D        | Found an ancient bone altar of Kikubaaqudgha.
   169 | D        | Found a corrupted altar of Lugonu.
   170 | D        | Found a burning altar of Makhleb.
   171 | D        | Found a sparkling altar of Nemelex Xobeh.
   172 | D        | Found an iron altar of Okawaru.
   173 | D        | Found a stormy altar of Qazlal.
   174 | D        | Found a sacrificial altar of Ru.
   175 | D        | Found a deep blue altar of Sif Muna.
   176 | D        | Found a bloodstained altar of Trog.
   177 | D        | Found a hide-covered altar of Uskayaw.
   178 | D        | Found a radiant altar of Vehumet.
   179 | D        | Found a shimmering altar of Xom.
   180 | D        | Became a worshipper of Warmaster Okawaru
   181 | D        | Found a basalt altar of Yredelemnul.
   182 | D        | Found a glowing silver altar of Zin.
   183 | D        | Found a glowing golden altar of the Shining One.
   231 | D        | Noticed a troll
   231 | D        | Noticed a phantom
   231 | D        | Noticed a wraith
   231 | D        | Noticed an ice beast
   231 | D        | Noticed a phantom
   237 | D        | Killed a phantom
   237 | D        | Reached skill level 7 in Long Blades
   237 | D        | Reached skill level 1 in Dodging
   237 | D        | Reached XP level 6. HP: 52/52 MP: 5/8
   247 | D        | Killed an ice beast
   247 | D        | Reached skill level 8 in Long Blades
   253 | D        | Killed a wraith
   253 | D        | Reached * piety under Okawaru
   253 | D        | Reached skill level 9 in Long Blades
   253 | D        | Reached skill level 5 in Invocations
   253 | D        | Reached XP level 7. HP: 43/59 MP: 6/10
   273 | D        | Killed a troll
   273 | D        | Reached skill level 10 in Long Blades
   273 | D        | Reached XP level 8. HP: 16/65 MP: 6/13
   617 | D        | Noticed a skeletal warrior
   627 | D        | Killed a skeletal warrior
   627 | D        | Reached ** piety under Okawaru
   627 | D        | Reached *** piety under Okawaru
   627 | D        | Reached skill level 12 in Long Blades
   627 | D        | Reached skill level 10 in Shields
   638 | D        | Reached XP level 9. HP: 57/72 MP: 12/14
   761 | D        | Noticed an eight-headed hydra
   761 | D        | Noticed a komodo dragon
   761 | D        | Noticed a komodo dragon
   762 | D        | Noticed a spiny frog
   772 | D        | Killed a komodo dragon
   774 | D        | Noticed a rime drake
   779 | D        | Killed a komodo dragon
   779 | D        | Reached **** piety under Okawaru
   782 | D        | Slain by a ten-headed hydra

Vault maps used:
D:        linesprint

Skill      XL: |  1  2  3  4  5  6  7  8  9 |
---------------+----------------------------+-----
Shields        | 4 5 6 7 8 9 10 11 | 11.0
Armour         | 4 5 6 7 8 |  8.6
Fighting       | 4 5 6 7 |  7.5
Long Blades    | 4 5 7 9 10 12 | 12.5
Dodging        | 1 2 3 |  3.9
Invocations    | 2 5 6 7 9 |  9.1
Axes           | 4 |  4.0

Action                   |  1- 3 |  4- 6 |  7- 9 || total
-------------------------+-------+-------+-------++-------
Melee: Long sword        |    51 |     4 |       ||    55
       Scimitar          |       |    22 |    40 ||    62
       Executioner's axe |       |       |    16 ||    16
Invok: Heroism           |       |       |     3 ||     3
 Abil: Dig               |       |       |     1 ||     1
  Use: Potion            |     2 |     1 |     4 ||     7
 Stab: Invisible         |       |     4 |     6 ||    10
Armor: Scale mail        |    17 |     2 |       ||    19
       Ring mail         |       |       |     6 ||     6
Dodge: Dodged            |    12 |     9 |    26 ||    47
Block: Shield            |    27 |     7 |    42 ||    76
